 Dungeon Crawl Stone Soup version 0.30-a0-159-g068b764562 (webtiles) character file.

Game seed: 1555850298580122263

52836 lorenzova the Eclecticist (level 14, -30/76 HPs)
             Began as a Deep Elf Conjurer on Sept 27, 2022.
             Was an Elder of Vehumet.
             Killed from afar by Jorgrun (35 damage)
             ... with a blast of rock fragments
             ... on level 13 of the Dungeon.
             The game lasted 01:23:32 (31778 turns).

lorenzova the Eclecticist (Deep Elf Conjurer)      Turns: 31778, Time: 01:23:33

Health: -30/76     AC: 10    Str:  4    XL:     14   Next: 28%
Magic:  8/40       EV: 12    Int: 29    God:    Vehumet [****..]
Gold:   1046       SH:  0    Dex: 13    Spells: 32/53 levels left

rFire   . . .      SeeInvis .    e - +1 dagger (venom)
rCold   + . .      Faith    .    (no shield)
rNeg    . . .      Spirit   .    R - +1 leather armour {rC+}
rPois   +          Reflect  .    (no helmet)
rElec   .          Harm     .    (no cloak)
rCorr   .          Rampage  .    D - +2 pair of gloves
Will    +....                    c - +2 pair of boots
Stlth   ++........               (no amulet)
HPRegen 0.22/turn                K - ring of poison resistance
MPRegen 0.27/turn                a - ring of wizardry

@: studying Fighting
A: no striking features
a: Renounce Religion


You were on level 13 of the Dungeon.
You worshipped Vehumet.
Vehumet was greatly pleased with you.
You visited 4 branches of the dungeon, and saw 20 of its levels.

You collected 1102 gold pieces.
You spent 56 gold pieces at shops.

Inventory:

Hand Weapons
 e - a +1 dagger of venom (weapon)
 P - the +10 falchion of Accord {freeze, rCorr}
   (You found it on level 5 of the Lair of Beasts)

   It freezes those it strikes, dealing additional cold damage.
   It can also slow down cold-blooded creatures.
   rCorr:     It protects you from acid and corrosion.
Armour
 c - a +2 pair of boots (worn)
 g - a +1 robe of willpower
 D - a +2 pair of gloves (worn)
 G - a +0 troll leather armour
 I - +0 acid dragon scales
 R - a +1 leather armour of cold resistance (worn)
Jewellery
 a - a ring of wizardry (right hand)
 x - a +6 ring of dexterity
 C - a +6 ring of strength
 J - a ring of protection from cold
 K - a ring of poison resistance (left hand)
 N - a ring of willpower
Wands
 B - a wand of iceblast (10)
 L - a wand of digging (7)
 M - a wand of flame (10)
 O - a wand of light (5)
Scrolls
 d - 5 scrolls of poison
 h - 3 scrolls of immolation
 i - 2 scrolls of summoning {unknown}
 j - 3 scrolls of enchant armour
 k - 2 scrolls of vulnerability
 o - 2 scrolls of amnesia {unknown}
 q - 9 scrolls of teleportation
 r - 5 scrolls of fog
 s - 2 scrolls of brand weapon
 v - 2 scrolls of magic mapping
 y - 2 scrolls of fear {unknown}
 A - 2 scrolls of enchant weapon {unknown}
 Q - a scroll of blinking
Potions
 b - 4 potions of magic
 f - 6 potions of haste
 l - 4 potions of resistance
 m - 3 potions of heal wounds
 n - 6 potions of curing
 p - 6 potions of flight
 t - 4 potions of berserk rage
 u - 5 potions of brilliance
 w - 2 potions of attraction
 z - 5 potions of might
 E - 2 potions of mutation {unknown}
 F - 2 potions of degeneration {unknown}
 H - 2 potions of ambrosia


   Skills:
 + Level 4.5 Fighting
 + Level 5.4 Dodging
 - Level 2.4 Stealth
 * Level 20.1 Spellcasting
 * Level 17.5 Conjurations
 - Level 6.0 Hexes
 - Level 6.0 Translocations
 * Level 6.0 Fire Magic
 * Level 5.4 Air Magic


You had 32 spell levels left.
You knew the following spells:

 Your Spells              Type           Power      Damage    Failure   Level
a - Magic Dart            Conj           100%       1d8       0%          1
b - Searing Ray           Conj           100%       2d8       0%          2
c - Iskenderun's Mystic   Conj/Tloc      78%        2d16      1%          4
d - Fulminant Prism       Conj/Hex       39%        3d18      1%          4
e - Scorch                Fire           100%       2d10      1%          2
j - Swiftness             Air            57%        N/A       1%          3
l - Lightning Bolt        Conj/Air       38%        1d57      1%          5

Your spell library contained the following spells:

 Spells                   Type           Power      Damage    Failure   Level
 Irradiate                Conj/Tmut      34%        3d23      1%          5
 Kiss of Death            Conj/Necr      100%       2d13      1%          1
 Sandblast                Erth           58%        2d13      1%          1
 Summon Small Mammal      Summ           100%       N/A       1%          1
 Cigotuvi's Dreadful Rot  Necr/Pois/Air  78%        N/A       1%          2
 Ensorcelled Hibernation  Hex/Ice        92%        N/A       1%          2
 Passwall                 Tmut/Erth      24%        N/A       1%          2
 Poisonous Vapours        Pois/Air       90%        N/A       1%          2
 Confusing Touch          Hex            59%        N/A       1%          3
 Dazzling Flash           Conj/Hex       100%       N/A       1%          3
 Ignite Poison            Fire/Tmut/Pois 40%        N/A       1%          3
 Kindle Blastsparks       Fire/Tloc/Air  100%       2d18      1%          3
 Mephitic Cloud           Conj/Pois/Air  65%        N/A       1%          3
 Stone Arrow              Conj/Erth      100%       3d13      1%          3
 Summon Guardian Golem    Hex/Summ       46%        N/A       1%          3
 Airstrike                Air            28%        2d(5-21)  1%          4
 Freezing Cloud           Conj/Ice/Air   32%        6-21      1%          5
 Call Canine Familiar     Summ           29%        N/A       2%          3
 Summon Lightning Spire   Summ/Air       45%        N/A       3%          4
 Dispel Undead            Necr           29%        3d13      10%         4


Dungeon Overview and Level Annotations

Branches:
Dungeon (13/15)            Temple (1/1) D:4            Lair (5/5) D:9
 Shoals (0/4) Lair:2        Snake (0/4) Lair:3        Slime (0/5) Lair:5
    Orc (1/2) D:10
 Vaults: D:13-14

Altars:
Ashenzari
Cheibriados
Dithmenos
Elyvilon
Fedhas
Gozag
Hepliaklqana
Makhleb
Nemelex Xobeh
Okawaru
Sif Muna
Trog
Uskayaw
Vehumet
Xom
Zin

Shops:
D:1 !   D:4 (   D:5 (   D:7 ?   D:11 *

Annotations:
D:7 exclusion: downstairs
D:9 exclusion: 2 downstairs
D:12 exclusion: downstairs
D:13 Jorgrun
Lair:1 1 runed translucent door, ma3's ghost, journeyman MiCK
Lair:4 exclusion: 2 downstairs


Message History

Jorgrun is severely wounded.
Jorgrun is knocked back by the mystic blast.
Unknown command.
Casting: Iskenderun's Mystic Blast (safe; 1% risk of failure)
Confirm with . or Enter, or press ? or * to list all spells.
Aiming: Lightning Bolt (safe; 1% risk of failure)
Press: ? - help, Shift-Dir - straight line, f/p - Jorgrun
Aim: Jorgrun, wielding a staff of earth and wearing a +2 robe (severely wounded, 43% to hit)
You hear a mighty clap of thunder!
The bolt of lightning misses Jorgrun.
A two-headed ogre comes into view.
It is wielding a +0 dire flail and a +0 giant club.
Jorgrun gestures at you while chanting.
Roots burst forth from the earth!
The grasping roots grab you! The grasping roots constrict you!
* * * LOW HITPOINT WARNING * * *
You feel much better. Jorgrun casts a spell next to you.
The wall shatters!
The blast of rock fragments hits you!!!
* * * LOW HITPOINT WARNING * * *
The grasping roots constrict you.
* * * LOW HITPOINT WARNING * * *
You feel much better. Jorgrun gestures at you while chanting.
You resist with significant effort. The grasping roots constrict you!
* * * LOW HITPOINT WARNING * * *
Unknown command.
Casting: Lightning Bolt (safe; 1% risk of failure)
Confirm with . or Enter, or press ? or * to list all spells.
Aiming: Lightning Bolt (safe; 1% risk of failure)
Press: ? - help, Shift-Dir - straight line, f/p - Jorgrun
Aim: Jorgrun, wielding a staff of earth and wearing a +2 robe (severely wounded, 43% to hit)
You hear a mighty clap of thunder!
The bolt of lightning misses Jorgrun.
The grasping roots constrict you!
* * * LOW HITPOINT WARNING * * *
Unknown command.
You escape the roots grasp.
Jorgrun casts a spell next to you.
The wall shatters!
The blast of rock fragments hits you!!
You die...

#.# #.# #†.#.....
#.# ##.#..... #.##
....... .>.# #...g.
#..# #...O. #..#
#....# #..#
#....##.###..#####
#...@..............
#.##.##.###########
#.##.# ..##.#
#####.# #.# ###


You could see Jorgrun and a two-headed ogre.

Vanquished Creatures
  The ghost of p0werm0de the Severer, a journeyman MeCK of Xom (D:11)
  A dire elephant (Lair:5)
  Josephine (D:13)
  3 hydras
  Erica (D:8)
  A catoblepas (Lair:5)
  An ogre mage (D:12)
  5 death yaks (Lair:5)
  5 two-headed ogres
  The ghost of gabitoon the Arsonist, a novice DrFE of Ashenzari (D:10)
  A deep troll shaman (Lair:5)
  6 skeletal warriors
  A necromancer (D:10)
  A deep elf zephyrmancer (D:10)
  A wizard (D:10)
  A deep elf pyromancer (D:13)
  3 cyclopes
  A wolf spider (Lair:5)
  An ugly thing (D:12)
  2 manticores (D:12)
  A merfolk siren (Lair:2)
  14 elephants
  4 black mambas
  2 gargoyles (D:12)
  9 cane toads
  3 unseen horrors
  7 komodo dragons
  Psyche (D:9)
  4 rime drakes
  4 trolls
  Grinder (D:6)
  2 polar bears
  A hornet (D:10)
  5 slime creatures
  7 dream sheep (Lair:4)
  A shadow (D:11)
  A water elemental (D:12)
  A vampire (D:10)
  5 wyverns
  4 wraiths
  3 basilisks
  32 yaks
  2 nagas (Lair:3)
  4 vampire mosquitoes (D:13)
  2 harpy simulacra (D:10)
  3 acid dragons
  5 water moccasins
  A swamp drake (Lair:3)
  3 black bears
  8 orc warriors
  An ice beast (D:8)
  A sky beast (D:8)
  An ogre (D:12)
  11 centaurs
  16 wolves
  3 kobold brigands
  8 bullfrogs
  3 scorpions
  3 wights (D:8)
  8 killer bees (D:9)
  7 electric eels
  6 howler monkeys
  A jelly (D:6)
  11 orc priests
  A gnoll bouda (D:10)
  8 iguanas
  12 orc wizards
  10 gnolls
  13 adders
  A shadow imp (D:8)
  2 white imps (D:6)
  A worm (D:2)
  3 dart slugs
  72 orcs
  3 ball pythons
  6 endoplasms
  3 giant cockroaches
  4 goblins
  6 hobgoblins
  4 quokkas
  4 bats
  5 frilled lizards
  27 kobolds
  2 rats
445 creatures vanquished.

Vanquished Creatures (others)
  A water elemental (D:11)
  7 bushes (D:12)
  A butterfly (D:12)
  135 fulminant prisms
  66 fungi
  99 plants
309 creatures vanquished.

Grand Total: 754 creatures vanquished

Notes
Turn   | Place    | Note
-------+----------+-------------------------------------------
     0 | D:1      | lorenzova the Deep Elf Conjurer began the quest for the
                  | Orb.
     0 | D:1      | Reached XP level 1. HP: 10/10 MP: 6/6
     4 | D:1      | Found a faded altar of an unknown god.
   161 | D:1      | Found Boplum's Distillery.
   305 | D:1      | Reached XP level 2. HP: 15/15 MP: 3/8
   388 | D:1      | Learned a level 2 spell: Searing Ray
   990 | D:2      | Reached skill level 4 in Spellcasting
  1225 | D:2      | Reached skill level 5 in Conjurations
  1225 | D:2      | Reached XP level 3. HP: 19/19 MP: 8/10
  1457 | D:2      | Reached XP level 4. HP: 24/24 MP: 2/12
  1892 | D:2      | Reached skill level 5 in Spellcasting
  2518 | D:3      | Reached XP level 5. HP: 28/28 MP: 9/14
  3182 | D:3      | Reached skill level 6 in Spellcasting
  3843 | D:4      | Reached XP level 6. HP: 32/32 MP: 9/17
  4167 | D:4      | Found Cibuwa's Weapon Emporium.
  4238 | D:4      | Found a bloodstained altar of Trog.
  4576 | D:4      | Found a staircase to the Ecumenical Temple.
  4589 | Temple   | Entered the Ecumenical Temple
  4594 | Temple   | Became a worshipper of Vehumet
  4999 | D:4      | Reached skill level 7 in Spellcasting
  5682 | D:5      | Entered Level 5 of the Dungeon
  6025 | D:5      | Reached XP level 7. HP: 36/36 MP: 14/19
  6055 | D:5      | Found a glowing silver altar of Zin.
  6165 | D:5      | Found Xaweh's Antique Weapon Shoppe.
  6589 | D:5      | Reached skill level 8 in Spellcasting
  6951 | D:6      | Found a shadowy altar of Dithmenos.
  7026 | D:6      | Noticed Grinder
  7035 | D:6      | Found an iron altar of Okawaru.
  7181 | D:6      | Reached * piety under Vehumet
  7181 | D:6      | Offered knowledge of Kiss of Death by Vehumet.
  7524 | D:6      | Found a broken altar of Ashenzari.
  7701 | D:6      | Killed Grinder
  7702 | D:6      | Reached skill level 9 in Spellcasting
  7702 | D:6      | Reached XP level 8. HP: 41/41 MP: 13/23
  8619 | D:7      | Reached skill level 10 in Spellcasting
  8944 | D:7      | Found Lunyrum's Magic Scroll Shop.
  8952 | D:7      | Bought a scroll of identify for 28 gold pieces
  8952 | D:7      | Bought a scroll of identify for 28 gold pieces
  9186 | D:8      | Noticed a two-headed ogre
  9380 | D:8      | Noticed a two-headed ogre
  9632 | D:8      | Found a blossoming altar of Fedhas.
  9705 | D:8      | Reached skill level 11 in Spellcasting
  9705 | D:8      | Reached skill level 10 in Conjurations
  9783 | D:8      | Reached XP level 9. HP: 45/45 MP: 17/26
 10171 | D:8      | Found a sparkling altar of Nemelex Xobeh.
 10339 | D:8      | Noticed a deep elf pyromancer
 10361 | D:8      | Learned a level 4 spell: Iskenderun's Mystic Blast
 10366 | D:8      | Learned a level 4 spell: Fulminant Prism
 10388 | D:8      | Noticed a centaur warrior
 10619 | D:9      | Noticed Psyche
 10726 | D:9      | Killed Psyche
 10727 | D:9      | Reached skill level 1 in Hexes
 10727 | D:9      | Reached skill level 1 in Translocations
 10877 | D:9      | Found a staircase to the Lair.
 10890 | D:9      | Reached skill level 12 in Spellcasting
 11109 | D:9      | Paralysed by a kobold for 2 turns
 11127 | D:9      | Reached ** piety under Vehumet
 11127 | D:9      | Offered knowledge of Scorch by Vehumet.
 11389 | D:9      | Noticed a troll
 11395 | D:9      | Killed a troll
 11620 | D:9      | Reached XP level 10. HP: 49/50 MP: 19/28
 11963 | D:10     | Entered Level 10 of the Dungeon
 11963 | D:10     | Found a runed translucent door.
 11964 | D:10     | Noticed a deep elf zephyrmancer
 11965 | D:10     | Noticed a wizard
 11965 | D:10     | Noticed a lich
 11965 | D:10     | Noticed a skeletal warrior
 11965 | D:10     | Noticed a deep elf zephyrmancer
 11967 | D:10     | Noticed gabitoon's ghost (novice DrFE)
 11968 | D:10     | Noticed a necromancer
 11971 | D:10     | Found a runed translucent door.
 12007 | D:10     | Reached skill level 13 in Spellcasting
 12026 | D:10     | Learned a level 2 spell: Scorch
 12143 | D:10     | Found a hazy altar of Hepliaklqana.
 12242 | D:10     | Offered knowledge of Hailstorm by Vehumet.
 12657 | D:10     | Found a staircase to the Orcish Mines.
 12662 | D:10     | Reached *** piety under Vehumet
 13641 | D:11     | Reached skill level 5 in Hexes
 13794 | D:11     | Offered knowledge of Airstrike by Vehumet.
 13945 | D:11     | Noticed a cyclops
 14112 | D:11     | Identified the +1 great mace "Pyrock" {freeze, Str+6}
 14147 | D:11     | Killed a cyclops
 14148 | D:11     | Reached skill level 14 in Spellcasting
 14393 | D:11     | Noticed a cyclops
 14407 | D:11     | Killed a cyclops
 14589 | D:11     | Reached skill level 5 in Translocations
 14734 | D:11     | Found Farec's Changing Room.
 14749 | D:11     | Reached XP level 11. HP: 12/54 MP: 19/31
 14897 | D:11     | Reached **** piety under Vehumet
 15068 | D:11     | Found a runed translucent door.
 15068 | D:11     | Noticed p0werm0de's ghost (journeyman MeCK)
 15199 | D:11     | Noticed a two-headed ogre
 15207 | D:11     | Killed a two-headed ogre
 16257 | D:12     | Offered knowledge of Inner Flame by Vehumet.
 16258 | D:12     | Reached skill level 15 in Spellcasting
 16268 | D:12     | Found a white marble altar of Elyvilon.
 16908 | D:12     | Noticed a purple ugly thing
 17104 | D:12     | Killed a purple ugly thing
 17215 | D:12     | Reached skill level 16 in Spellcasting
 17219 | D:12     | Noticed a two-headed ogre
 17223 | D:12     | Killed a two-headed ogre
 17466 | D:12     | Noticed an ogre mage
 17524 | D:12     | Noticed a two-headed ogre
 17905 | D:12     | Killed an ogre mage
 17905 | D:12     | Killed a two-headed ogre
 17906 | D:12     | Reached XP level 12. HP: 48/59 MP: 12/34
 18334 | D:8      | Killed a two-headed ogre
 18568 | D:8      | Identified the +1 scale mail of the Lumpy Prophets {Rampage
                  | Dex+5}
 18623 | D:8      | Noticed Erica
 18633 | D:8      | Killed Erica
 18634 | D:8      | Reached skill level 17 in Spellcasting
 19164 | D:8      | Killed a two-headed ogre
 19165 | D:8      | Reached skill level 15 in Conjurations
 19277 | Lair:1   | Entered Level 1 of the Lair of Beasts
 19671 | Lair:1   | Found a runed translucent door.
 20057 | Lair:1   | Noticed ma3's ghost (journeyman MiCK)
 20803 | Lair:2   | Reached skill level 18 in Spellcasting
 21223 | Lair:2   | You fall into a shaft and drop 1 floor!
 21654 | Lair:2   | Found a staircase to the Shoals.
 22806 | D:10     | Killed gabitoon's ghost
 22807 | D:10     | Reached skill level 19 in Spellcasting
 22807 | D:10     | Reached XP level 13. HP: 63/63 MP: 21/38
 23339 | D:9      | Learned a level 5 spell: Lightning Bolt
 23343 | D:9      | Learned a level 3 spell: Swiftness
 23629 | Lair:3   | Found a staircase to the Snake Pit.
 23727 | Lair:3   | Reached skill level 1 in Fire Magic
 23929 | Lair:3   | Reached skill level 1 in Air Magic
 24045 | Lair:3   | Reached skill level 1 in Fighting
 26179 | Lair:4   | Reached ***** piety under Vehumet
 26826 | Lair:5   | Entered Level 5 of the Lair of Beasts
 26828 | Lair:5   | Offered knowledge of Irradiate by Vehumet.
 27020 | Lair:5   | Found a staircase to the Slime Pits.
 28649 | Lair:5   | Reached skill level 5 in Fire Magic
 28663 | Lair:5   | Reached XP level 14. HP: 70/75 MP: 1/39
 29455 | Lair:5   | Reached skill level 5 in Dodging
 29746 | Lair:5   | Identified the +10 falchion of Accord {freeze, rCorr}
 30651 | Orc:1    | Entered Level 1 of the Orcish Mines
 30854 | D:11     | Killed p0werm0de's ghost
 30855 | D:11     | Reached skill level 20 in Spellcasting
 30855 | D:11     | Reached skill level 5 in Air Magic
 31143 | D:13     | Noticed Josephine
 31145 | D:13     | Killed Josephine
 31758 | D:13     | Noticed Jorgrun
 31778 | D:13     | Killed from afar by Jorgrun

Illustrated notes

Levels and vault maps discovered:
D:1:      ncdulo_watergridlock, layout_rooms, serial_shops,
          nicolae_shop_advertising_works [nicolae_subvault_shop_adworks],
          ebering_ecumenical_altar_mist, minmay_misc_feat_enclosed,
          lemuel_flame_loot_1
D:2:      cheibrodos_old_hovel, layout_rooms
D:3:      layout_loops_ring
D:4:      layout_layer_cave, nicolae_overflow_crystal_walls,
          minmay_temple_entry_antechambers, serial_shops, nicolae_shop_stone,
          chequers_serial_rivers_room_b, st_stairs_12
D:5:      layout_rooms, mainiacjoe_overflow_brackets, serial_shops,
          nicolae_inconvenience_store, serial_curves, eino_curves_01,
          eino_curves_01, eino_curves_04
D:6:      layout_cave_pods, nicolae_ashenzari_skybound,
          nicolae_dithmenos_through_a_glass_darkly, okawaru_altar_gauntlet_db,
          serial_column_ruins, column_ruins_open_medium, column_ruins_grid_1,
          column_ruins_corridor_T, column_ruins_columns_corner,
          column_ruins_grid_4, column_ruins_corridor_corner,
          column_ruins_grid_1, grunt_tough_drop, uniq_grinder
D:7:      layout_loops_ring, serial_shops, shop
D:8:      layout_basic, mainiacjoe_overflow_concentric_impassable,
          nemelex_diamond_rough_becter, minmay_radiant, uniq_erica
D:9:      layout_cave_pods, david_lair_generic, uniq_psyche
D:10:     layout_long_grid, nicolae_hepliaklqana_hazy_memory, hiddenorc2_lemuel,
          muffindrake_ghost_dual_entry, minmay_misc_feat_plants
D:11:     layout_basic, ebering_ghost_reflecting_pool,
          nicolae_transmutations_shop
D:12:     layout_basic, dreamdust_princess_bridge, st_stairs_8,
          nicolae_elyvilon_peaceful_grove
D:13:     layout_loops_ring, biasface_ghost_orc_armoury, uniq_nessos,
          uniq_sonja, uniq_josephine, uniq_jorgrun
Temple:   nicolae_temple_ecumenical_triangle
Lair:1:   layout_chaotic_city, ebering_ghost_reflecting_pool,
          infiniplex_staircase_pool_2
Lair:2:   layout_regular_city, minmay_shoals_entry_lonely_mermaid, st_stairs_12,
          minmay_stone_trees_medium, wad_woods_03
Lair:3:   layout_cave_pods, guppyfry_snake_entry_garden, hibernation_bobbens
Lair:4:   layout_long_grid, grunt_megastairs_1
Lair:5:   grunt_lair_end_beastmaster, layout_loops_ring, slime_entry_1,
          serial_bayou_crossing
Orc:1:    layout_caves, basic_altar

Skill      XL: |  1  2  3  4  5  6  7  8  9 10 11 12 13 14 |
---------------+-------------------------------------------+-----
Spellcasting   | 4 5 6 7 9 11 12 14 16 19 20 | 20.1
Conjurations   | 5 6 7 8 10 11 12 14 16 17 | 17.5
Hexes          | 3 6 |  6.0
Translocations | 3 5 6 |  6.0
Fire Magic     | 5 6 |  6.0
Air Magic      | 4 5 |  5.4
Fighting       | 3 4 |  4.5
Dodging        | 4 5 |  5.4
Stealth        | |  2.4

Action                   |  1- 3 |  4- 6 |  7- 9 | 10-12 | 13-15 || total
-------------------------+-------+-------+-------+-------+-------++-------
Melee: Dagger            |       |       |     7 |    15 |     5 ||    27
 Cast: Magic Dart        |    64 |   155 |   126 |   141 |    14 ||   500
       Searing Ray       |     2 |    11 |    35 |    43 |     3 ||    94
       Fulminant Prism   |       |       |    15 |    94 |    28 ||   137
       Iskenderun's Myst |       |       |     5 |   154 |    92 ||   251
       Lightning Bolt    |       |       |       |       |   113 ||   113
       Swiftness         |       |       |       |       |     4 ||     4
  Use: Scroll            |       |     7 |     9 |     6 |     3 ||    25
       Potion            |       |       |       |     1 |     3 ||     4
Armor: Robe              |     6 |     3 |     9 |       |       ||    18
       Troll leather arm |       |       |       |    29 |     8 ||    37
       Leather armour    |       |       |       |       |     1 ||     1
Dodge: Dodged            |     6 |    15 |    35 |    46 |    22 ||   124

Table legend: (Time is in decaauts)
 A = Elapsed time spent in this place.
 B = Non-inter-level travel time spent in this place.
 C = Inter-level travel time spent in this place.
 D = Time resting spent in this place.
 E = Time spent auto-exploring this place.
 F = Levels seen in this place.
 G = Mean time per level.
                   A        B        C        D        E       F      G
               +--------+--------+--------+--------+--------+-----+--------+
         Total |  31849 |  29164 |   2685 |  14445 |  10338 |  20 | 1592.4 |
       Dungeon |  21712 |  20469 |   1243 |  10203 |   7012 |  13 | 1670.2 |
        Temple |     10 |     10 |      0 |      0 |      0 |   1 |   10.0 |
          Lair |  10115 |   8674 |   1441 |   4242 |   3326 |   5 | 2023.0 |
  Orcish Mines |     10 |     10 |      0 |      0 |      0 |   1 |   10.0 |
               +--------+--------+--------+--------+--------+-----+--------+

Top non-repeatable levels by time:
  Lair:5: 3243 daAuts
    D:10: 2987 daAuts
    D:12: 2784 daAuts
    D:11: 2618 daAuts
  Lair:4: 2116 daAuts
     D:4: 2019 daAuts
     D:8: 2007 daAuts
  Lair:2: 1888 daAuts
     D:9: 1827 daAuts
  Lair:3: 1680 daAuts
     D:2: 1413 daAuts
     D:6: 1358 daAuts
     D:3: 1331 daAuts
     D:5: 1190 daAuts
  Lair:1: 1187 daAuts
